 Dungeon Crawl Stone Soup version 0.32-a0-981-g384da2ce10 (webtiles) character file.

Game seed: 4669594366338415395

72 Tanttac the Vexing (level 4, -7/22 (27) HPs)
             Began as a Vampire Enchanter on Apr 20, 2024.
             Mangled by a weeping skull (8 damage)
             ... on level 3 of the Dungeon.
             The game lasted 00:14:45 (2135 turns).

Tanttac the Vexing (Vampire Enchanter)              Turns: 2135, Time: 00:14:46

HP:   -7/22 (27)    AC:  3    Str:  5 (7)  XL:     4   Next: 7%
MP:   7/7           EV: 11    Int: 15 (17) God:
Gold: 145           SH:  0    Dex: 14 (16) Spells: 2/8 levels left

rFire   . . .        a - +1 dagger
rCold   + . .        (no shield)
rNeg    . . .        b - +0 robe
rPois   .            (no helmet)
rElec   .            (no cloak)
rCorr   .            (no gloves)
SInv    +            j - +0 pair of boots
Will    .....        (no amulet)
Stlth   +++          f - ring of protection from cold
HPRegen 0.43/turn    (no ring)
MPRegen 0.10/turn

%: no passive effects
@: healing quickly, heavily drained
A: alive, fangs 3, see invisible, vampiric 2, [frail 1]
a: Exsanguinate


You were on level 3 of the Dungeon.
You visited 1 branch of the dungeon, and saw 3 of its levels.

You collected 145 gold pieces.

Inventory:

Hand Weapons
 a - a +1 dagger (weapon)
 d - a +2 hand axe of flaming
Armour
 b - a +0 robe (worn)
 j - a +0 pair of boots (worn)
Jewellery
 f - a ring of protection from cold (left hand)
Wands
 m - a wand of roots (8)
Scrolls
 c - 2 scrolls of identify {unknown}
 e - a scroll of silence {unknown}
 g - a scroll of amnesia {unknown}
 h - a scroll of brand weapon {unknown}
 l - a scroll of teleportation {unknown}
Potions
 i - 4 potions of curing {unknown}
 k - a potion of lignification {unknown}


   Skills:
 * Level 2.1 Short Blades
 + Level 2.8 Dodging
 * Level 5.1 Stealth
 * Level 2.5 Spellcasting
 + Level 5.2 Hexes


You had 2 spell levels left.
You knew the following spells:

 Your Spells              Type           Power      Damage    Failure   Level
a - Ensorcelled Hibernat  Hex/Ice        18%        N/A       11%         2
b - Sandblast             Erth           2%         2d4       22%         1
c - Tukima's Dance        Hex            17%        N/A       8%          3

Your spell library contained the following spells:

 Spells                   Type           Power      Damage    Failure   Level
 Magic Dart               Conj           4%         1d3       22%         1
 Blink                    Tloc           2%         N/A       32%         2
 Call Imp                 Summ           2%         N/A       32%         2
 Confusing Touch          Hex            17%        N/A       8%          3
 Dazzling Flash           Conj/Hex       18%        N/A       22%         3
 Passwall                 Erth           1%         N/A       54%         3
 Stone Arrow              Conj/Erth      2%         3d7       54%         3
 Dimensional Bullseye     Hex/Tloc       4%         N/A       58%         4
 Iskenderun's Mystic Bla Conj/Tloc 1%             2d3        (+2d1     91%         4


Dungeon Overview and Level Annotations

Branches:
Dungeon (3/15)

Altars:
Yredelemnul


Innate Abilities, Weirdness & Mutations

Your natural rate of healing is accelerated.
You have razor-sharp teeth.
You have supernaturally acute eyesight. (SInv)
You are afflicted with vampirism and can become a bat while bloodless.
[You are frail. (-10% HP)]


Message History

You barely miss the weeping skull.
You bite the weeping skull, but do no damage.
The weeping skull is heavily damaged.
The weeping skull barely misses you.
The spectral orc hits you but does no damage.
You hit the weeping skull but do no damage.
The weeping skull is heavily damaged.
You hit the weeping skull but do no damage.
The weeping skull is heavily damaged.
The spectral orc closely misses you.
The weeping skull releases gushing sobs.
The wave of grief passes through you.
You completely miss the weeping skull.
You bite the weeping skull, but do no damage.
The weeping skull is heavily damaged.
The spectral orc barely misses you. The weeping skull touches you!
You feel drained.
You hit the weeping skull but do no damage.
The weeping skull is heavily damaged.
The spectral orc hits you but does no damage.
The weeping skull touches you!
* * * LOW HITPOINT WARNING * * *
You completely miss the weeping skull.
The weeping skull is heavily damaged.
The spectral orc barely misses you. The weeping skull touches you.
* * * LOW HITPOINT WARNING * * *
You hit the weeping skull but do no damage.
The weeping skull is heavily damaged.
The spectral orc hits you.
* * * LOW HITPOINT WARNING * * *
You feel drained. The weeping skull barely misses you.
You hit the weeping skull but do no damage.
You bite the weeping skull.
The weeping skull is heavily damaged.
The spectral orc misses you. The weeping skull barely misses you.
You hit the weeping skull. You bite the weeping skull.
The weeping skull is severely damaged.
The spectral orc misses you. The weeping skull touches you!
You die...
The weeping skull crumbles to pieces from sheer guilt.

#..###.# ##...## #. #......#
##.....## #####.
##..######.......## ##.....
#######...####...).....####......
.............+.........'.......#.
#######...####.........####...##.
#..## ####.###.## #...#.. #.##
##○##### #.#.#.# #.. #@○.# #.....
### #zZ^^^# ###.#.# ##^○^## ....
^°☼^^# # # #######


You could see a spectral orc and a weeping skull.

Vanquished Creatures
  2 adders (D:2)
  A dart slug (D:1)
  A ribbon worm (D:2)
  5 bats
  4 endoplasms
  5 giant cockroaches
  2 goblins (D:2)
  5 hobgoblins
  4 jackals (D:2)
  3 kobolds
  2 quokkas (D:1)
  4 ball pythons
  A frilled lizard (D:1)
  4 rats
43 creatures vanquished.

Notes
Turn   | Place    | Note
-------+----------+-------------------------------------------
     0 | D:1      | Tanttac the Vampire Enchanter began the quest for the Orb.
     0 | D:1      | Reached XP level 1. HP: 13/13 MP: 3/3
   236 | D:1      | Reached XP level 2. HP: 18/19 MP: 5/5
   554 | D:1      | You fall into a shaft and drop 1 floor!
   612 | D:2      | Gained mutation: You are afflicted with vampirism and can
                  | become a bat while bloodless. [Vampire growth]
   612 | D:2      | Reached XP level 3. HP: 22/24 MP: 6/6
   615 | D:2      | Learned a level 2 spell: Ensorcelled Hibernation
   617 | D:2      | Learned a level 1 spell: Sandblast
   621 | D:2      | Learned a level 3 spell: Tukima's Dance
   839 | D:2      | Reached skill level 5 in Stealth
   860 | D:2      | Reached skill level 5 in Hexes
   952 | D:2      | HP: 1/24 [ribbon worm (8)]
  1168 | D:2      | Reached XP level 4. HP: 30/30 MP: 2/7
  2118 | D:3      | Found a basalt altar of Yredelemnul.
  2118 | D:3      | Noticed a weeping skull
  2132 | D:3      | HP: 1/24 [weeping skull (1)]
  2135 | D:3      | Mangled by a weeping skull

Illustrated notes

Levels and vault maps discovered:
D:1:      minmay_arrival_up_and_down, layout_loops_corners
D:2:      layout_basic, chequers_big_river
D:3:      layout_loops_corners, yredelemnul_forgotten_temple_becter,
          kennysheep_generic_room_15, uniq_grinder, uniq_jessica, uniq_terence

Skill      XL: |  1  2  3 |
---------------+----------+-----
Stealth        | 5 |  5.1
Hexes          | 5 |  5.2
Short Blades   | 2 |  2.1
Dodging        | |  2.8
Spellcasting   | |  2.5

Action                     |  1- 3 |  4- 6 || total
---------------------------+-------+-------++-------
  Melee: Dagger            |   161 |    30 ||   191
         Bite              |    15 |     8 ||    23
         Unarmed           |       |    10 ||    10
   Cast: Ensorcelled Hiber |    10 |     7 ||    17
         Sandblast         |     2 |       ||     2
Ability: Bat Form          |       |     1 ||     1
         Exsanguinate      |       |     1 ||     1
         Revivify          |       |     1 ||     1
    Use: Potion            |     1 |     1 ||     2
   Stab: Sleeping          |    16 |     3 ||    19
         Invisible         |     2 |       ||     2
         Held in net/web   |       |     1 ||     1
 Armour: Robe              |    78 |    18 ||    96
  Dodge: Dodged            |   103 |    14 ||   117

Table legend: (Time is in decaauts)
 A = Elapsed time spent in this place.
 B = Non-inter-level travel time spent in this place.
 C = Inter-level travel time spent in this place.
 D = Time resting spent in this place.
 E = Time spent auto-exploring this place.
 F = Levels seen in this place.
 G = Mean time per level.
                   A        B        C        D        E       F      G
               +--------+--------+--------+--------+--------+-----+--------+
         Total |   2110 |   1915 |    195 |      0 |   1374 |   3 |  703.3 |
       Dungeon |   2110 |   1915 |    195 |      0 |   1374 |   3 |  703.3 |
               +--------+--------+--------+--------+--------+-----+--------+

Top non-repeatable levels by time:
     D:2: 1287 daAuts
     D:1: 548 daAuts
     D:3: 275 daAuts
